 Dungeon Crawl Stone Soup version 0.30-a0-335-ge5acde7520 (webtiles) character file.

Game seed: 7363528710899558618

263 Muataran the Chopper (level 6, -2/52 (56) HPs)
             Began as a Hill Orc Monk on Oct 31, 2022.
             Was a Believer of Beogh.
             Slain by a necrophage (6 damage)
             ... on level 5 of the Dungeon.
             The game lasted 00:07:22 (3926 turns).

Muataran the Chopper (Hill Orc Monk)                Turns: 3926, Time: 00:07:23

HP:   -2/52 (56)    AC: 11    Str: 16    XL:     6   Next: 19%
MP:   8/8           EV:  7    Int: 10    God:    Beogh [**....]
Gold: 304           SH:  0    Dex: 13    Spells: 5/5 levels left

rFire   . . .      SeeInvis .    a - +0 hand axe
rCold   . . .      Faith    .    (no shield)
rNeg    . . .      Spirit   .    u - +0 chain mail
rPois   .          Reflect  .    (no helmet)
rElec   .          Harm     .    o - +1 cloak
rCorr   .          Rampage  .    (no gloves)
Will    .....                    i - +0 pair of boots
Stlth   ..........               (no amulet)
HPRegen 0.28/turn                (no ring)
MPRegen 0.11/turn                (no ring)

@: drained
A: no striking features
a: Renounce Religion, Smiting


You were on level 5 of the Dungeon.
You worshipped Beogh.
Beogh was pleased with you.
You visited 1 branch of the dungeon, and saw 5 of its levels.

You collected 304 gold pieces.

Inventory:

Hand Weapons
 a - a +0 hand axe (weapon)
Missiles
 f - 6 curare-tipped darts (quivered)
Armour
 i - a +0 pair of boots (worn)
 o - a +1 cloak (worn)
 u - a +0 chain mail (worn)
Jewellery
 r - a +6 ring of strength
Scrolls
 b - a scroll of summoning {unknown}
 d - 3 scrolls of enchant armour {unknown}
 e - 3 scrolls of enchant weapon {unknown}
 g - 2 scrolls of poison {unknown}
 h - 6 scrolls of identify {unknown}
 j - a scroll of immolation {unknown}
 m - a scroll of fear {unknown}
 t - a scroll of magic mapping {unknown}
Potions
 c - a potion of ambrosia
 k - 2 potions of heal wounds {unknown}
 l - 2 potions of attraction {unknown}
 n - a potion of degeneration {unknown}
 p - a potion of berserk rage {unknown}
 q - 3 potions of curing {unknown}
 s - a potion of lignification {unknown}
 v - a potion of might {unknown}
 w - a potion of mutation {unknown}


   Skills:
 + Level 5.2 Fighting
 + Level 6.9 Axes
 + Level 1.3 Armour
 - Level 2.4 Dodging
 - Level 1.5 Stealth
 * Level 2.7 Invocations


You had 5 spell levels left.
You didn't know any spells.
Your spell library contained the following spells:

 Spells                   Type           Power      Damage    Failure   Level
 Cigotuvi's Dreadful Rot  Necr/Pois/Air  0%         N/A       100%        2
 Ensorcelled Hibernation  Hex/Ice        0%         N/A       100%        2
 Passwall                 Tmut/Erth      0%         N/A       100%        2
 Poisonous Vapours        Pois/Air       0%         N/A       100%        2
 Mephitic Cloud           Conj/Pois/Air  0%         N/A       100%        3
 Portal Projectile        Hex/Tloc       0%         N/A       100%        3
 Swiftness                Air            0%         N/A       100%        3
 Tukima's Dance           Hex            0%         N/A       100%        3
 Blade Hands              Tmut           0%         N/A       100%        5


Dungeon Overview and Level Annotations

Branches:
Dungeon (5/15)             Temple (0/1) D:4

Altars:
Kikubaaqudgha
Makhleb
Vehumet
Wu Jian
Zin

Annotations:
D:5 Sigmund


Message History

The necrophage hits you.
You feel drained.
You barely miss the necrophage.
The necrophage is lightly damaged.
The gnoll sergeant hits you from afar with a +0 spear.
The necrophage completely misses you.
You completely miss the necrophage.
The necrophage is lightly damaged.
The gnoll sergeant barely misses you. The necrophage hits you.
You closely miss the necrophage.
The necrophage is lightly damaged.
The gnoll sergeant hits you but does no damage.
The necrophage barely misses you.
You closely miss the necrophage.
The necrophage is lightly damaged.
The necrophage hits you but does no damage.
You hit the necrophage.
The necrophage is moderately damaged.
The necrophage barely misses you.
You closely miss the necrophage.
The necrophage is moderately damaged.
The necrophage hits you.
You feel drained.
You hit the necrophage.
The necrophage is heavily damaged.
The gnoll sergeant hits you from afar with a +0 spear.
The necrophage hits you but does no damage.
You barely miss the necrophage.
The necrophage is heavily damaged.
The gnoll sergeant hits you from afar with a +0 spear.
The necrophage barely misses you.
You hit the necrophage but do no damage.
The necrophage is heavily damaged.
You hit the necrophage but do no damage.
The necrophage is heavily damaged.
The gnoll sergeant hits you from afar with a +0 spear!
* * * LOW HITPOINT WARNING * * *
The necrophage hits you but does no damage.
The gnoll sergeant hits you from afar with a +0 spear.
* * * LOW HITPOINT WARNING * * *
The necrophage hits you.
You die...

#..........###...
###.#...##.........
#.......####.#.....
#.##.#.............
#go.....#####......
#gg..#### ##.....
#g#### #.....
#n############.....
#.@.<....#........o
#.)....#.#........@
#........#.........
#......###........#
#......# #........#
.......# #........#
........#
#........#
.........#
#........#
.........#
#........#


You could see a necrophage, a gnoll sergeant and 2 gnolls.

Vanquished Creatures
  A hound (D:4)
  An orc priest (D:4)
  An iguana (D:4)
  An orc wizard (D:5)
  2 adders
  4 gnolls
  2 ufetubi (D:4)
  A worm (D:2)
  4 dart slugs
  6 orcs
  4 ball pythons
  3 bats
  An endoplasm (D:3)
  2 giant cockroaches
  4 hobgoblins
  4 kobolds
  A quokka (D:2)
  2 frilled lizards (D:2)
  6 goblins
  11 rats (D:1)
61 creatures vanquished.

Vanquished Creatures (others)
  An iguana (D:4)
1 creature vanquished.

Grand Total: 62 creatures vanquished

Notes
Turn   | Place    | Note
-------+----------+-------------------------------------------
     0 | D:1      | Muataran the Hill Orc Monk began the quest for the Orb.
     0 | D:1      | Reached XP level 1. HP: 19/19 MP: 1/1
   144 | D:1      | Reached XP level 2. HP: 27/27 MP: 2/2
   641 | D:1      | Found a faded altar of an unknown god.
   750 | D:1      | Reached skill level 5 in Axes
   870 | D:1      | Reached XP level 3. HP: 33/33 MP: 3/3
  1410 | D:2      | Reached XP level 4. HP: 16/41 MP: 4/4
  1414 | D:2      | Reached skill level 6 in Axes
  1976 | D:4      | Became a worshipper of Beogh the Brigand
  1976 | D:4      | Reached * piety under Beogh
  1976 | D:4      | Reached ** piety under Beogh
  2063 | D:4      | Found a burning altar of Makhleb.
  2075 | D:4      | Reached XP level 5. HP: 38/47 MP: 5/5
  2405 | D:4      | Reached skill level 1 in Invocations
  2458 | D:4      | Reached skill level 5 in Fighting
  2529 | D:4      | Found a glowing silver altar of Zin.
  2530 | D:4      | Found an ancient bone altar of Kikubaaqudgha.
  2641 | D:4      | Found a staircase to the Ecumenical Temple.
  3039 | D:3      | Found an ornate altar of the Wu Jian Council.
  3552 | D:5      | Entered Level 5 of the Dungeon
  3552 | D:5      | Found a radiant altar of Vehumet.
  3575 | D:4      | Reached skill level 1 in Armour
  3575 | D:4      | Reached XP level 6. HP: 9/56 MP: 7/7
  3876 | D:5      | Noticed Sigmund
  3926 | D:5      | Slain by a necrophage

Illustrated notes

Levels and vault maps discovered:
D:1:      dpeg_arrival_ratfight, layout_basic,
          shapermc_ecumenical_altar_mp_highgroup
D:2:      layout_loops_corners
D:3:      layout_loops_corners, old_standard_altar,
          nicolae_concentric_dashed_squares_mild
D:4:      layout_cave_pools, makhleb_heckhound_becter,
          gammafunk_temple_overflow_pools, minmay_temple_entry_nine_rooms
D:5:      layout_basic, vehumet_crystals, kennysheep_little_box, uniq_sigmund

Skill      XL: |  1  2  3  4  5 |
---------------+----------------+-----
Fighting       | 4 5 |  5.2
Axes           | 5 6 |  6.9
Invocations    | 2 |  2.7
Armour         | 1 |  1.3
Dodging        | |  2.4
Stealth        | |  1.5

Action                   |  1- 3 |  4- 6 || total
-------------------------+-------+-------++-------
Melee: Hand axe          |    88 |   186 ||   274
       Punch             |     1 |     1 ||     2
Invok: Convert to Beogh  |       |     1 ||     1
 Stab: Sleeping          |     5 |       ||     5
Armor: Robe              |    23 |     9 ||    32
       Chain mail        |       |    98 ||    98
Dodge: Dodged            |    46 |    90 ||   136

Table legend: (Time is in decaauts)
 A = Elapsed time spent in this place.
 B = Non-inter-level travel time spent in this place.
 C = Inter-level travel time spent in this place.
 D = Time resting spent in this place.
 E = Time spent auto-exploring this place.
 F = Levels seen in this place.
 G = Mean time per level.
                   A        B        C        D        E       F      G
               +--------+--------+--------+--------+--------+-----+--------+
         Total |   3926 |   3814 |    112 |    407 |   2720 |   5 |  785.2 |
       Dungeon |   3926 |   3814 |    112 |    407 |   2720 |   5 |  785.2 |
               +--------+--------+--------+--------+--------+-----+--------+

Top non-repeatable levels by time:
     D:4: 1001 daAuts
     D:1: 988 daAuts
     D:2: 961 daAuts
     D:3: 807 daAuts
     D:5: 167 daAuts
